 Dungeon Crawl Stone Soup version 0.28-a0-1404-g4df0f3684d (webtiles) character file.

Game seed: 4591044280333861692

58 lonewolfV2 the Skirmisher (level 3, -5/29 HPs)
             Began as a Demonspawn Berserker on Jan 5, 2022.
             Was a Believer of Trog.
             Slain by a gnoll (14 damage)
             ... on level 2 of the Dungeon.
             The game lasted 00:02:28 (2477 turns).

lonewolfV2 the Skirmisher (Demonspawn Berserker)    Turns: 2477, Time: 00:02:29

Health: -5/29      AC:  3    Str: 19    XL:     3   Next: 75%
Magic:  3/3        EV: 12    Int:  8    God:    Trog [**....]
Gold:   94         SH:  0    Dex: 12    Spells: 2/2 levels left

rFire   . . .      SeeInvis .   c - +0 short sword (vamp)
rCold   . . .      Faith    .   (no shield)
rNeg    . . .      Spirit   .   b - +0 animal skin
rPois   .          Reflect  .   (no helmet)
rElec   .          Harm     .   (no cloak)
rCorr   .          Rampage  .   (no gloves)
Will    .....                   (no boots)
Stlth   +.........              (no amulet)
HPRegen 0.09/turn               (no ring)
MPRegen 0.08/turn               (no ring)

@: no status effects
A: rugged brown scales 1, demonic touch 1
a: Renounce Religion, Berserk, Trog's Hand


You were on level 2 of the Dungeon.
You worshipped Trog.
Trog was pleased with you.
You visited 1 branch of the dungeon, and saw 2 of its levels.

You collected 94 gold pieces.

Inventory:

Hand Weapons
 a - a +0 hand axe
 c - a +0 vampiric short sword (weapon)
 e - a +2 dagger of freezing
Armour
 b - a +0 animal skin (worn)
Potions
 d - a potion of heal wounds {unknown}
 f - a potion of curing
 g - a potion of ambrosia {unknown}


   Skills:
 + Level 3.6 Fighting
 + Level 1.4 Short Blades
 + Level 3.1 Axes
 + Level 1.8 Armour
 + Level 2.1 Dodging
 + Level 0.2 Stealth


You had 2 spell levels left.
You didn't know any spells.
Your spell library was empty.

Dungeon Overview and Level Annotations

Branches:
Dungeon (2/15)

Altars:

Shops:
D:1 ?


Innate Abilities, Weirdness & Mutations

You are partially covered in rugged brown scales. (AC +1, +3% HP)
Your touch may inflict minor irresistible damage on your foes.


Message History

You see here a potion of curing.
A gnoll comes into view. It is wielding a +0 halberd.
The gnoll shouts!
The gnoll closely misses you.
A gnoll comes into view. It is wielding a +0 club.
The gnoll hits you but does no damage.
You hit the gnoll.
The gnoll is moderately wounded.
The gnoll hits you with a +0 spear.
You closely miss the gnoll.
The gnoll is moderately wounded.
The gnoll misses you. The gnoll closely misses you.
You closely miss the gnoll.
The gnoll is moderately wounded.
The gnoll hits you with a +0 spear. The gnoll closely misses you.
You barely miss the gnoll.
You touch the gnoll.
The gnoll is severely wounded.
The gnoll barely misses you.
The gnoll hits you from afar with a +0 halberd!
You hit the gnoll.
You feel better.
You touch the gnoll.
You kill the gnoll!
Trog accepts your kill.
You can now call upon Trog for regeneration and willpower.
The gnoll barely misses you.
Your life force feels restored.
The gnoll closely misses you.
You see here a +0 spear.
You barely miss the gnoll.
You touch the gnoll.
The gnoll is moderately wounded.
The gnoll closely misses you.
You closely miss the gnoll.
You touch the gnoll.
The gnoll is severely wounded.
The gnoll hits you with a +0 halberd!
You barely miss the gnoll. Your touch misses the gnoll.
The gnoll is severely wounded.
The gnoll closely misses you.
You hit the gnoll but do no damage.
The gnoll is severely wounded.
The gnoll hits you with a +0 halberd!
You die...

#### ...# ### ##.# #..
##.## .g. #g# #@# #.##
# #. #..#.# .#
#.###!#.# .. #.......#
##. #####.### ##..#
#####..#
#...########......####
.................#...+


You could see 2 gnolls.

Vanquished Creatures
  A gnoll (D:2)
  An adder (D:2)
  2 worms (D:2)
  A dart slug (D:2)
  4 endoplasms (D:1)
  A giant cockroach (D:2)
  4 goblins
  A hobgoblin (D:2)
  5 kobolds
  A quokka (D:1)
  4 ball pythons (D:1)
  3 bats
  2 frilled lizards (D:1)
  A rat (D:1)
31 creatures vanquished.

Notes
Turn   | Place    | Note
-------+----------+-------------------------------------------
     0 | D:1      | lonewolfV2 the Demonspawn Berserker began the quest for the
                  | Orb.
     0 | D:1      | Reached XP level 1. HP: 18/18 MP: 1/1
   606 | D:1      | Gained mutation: You are partially covered in rugged brown
                  | scales. (AC +1, +3% HP) [demonic ancestry]
   606 | D:1      | Reached XP level 2. HP: 18/24 MP: 2/2
   721 | D:1      | Found Tisur's Magic Scroll Shoppe.
  1700 | D:2      | Gained mutation: Your touch may inflict minor irresistible
                  | damage on your foes. [demonic ancestry]
  1700 | D:2      | Reached XP level 3. HP: 12/29 MP: 3/3
  2108 | D:2      | Reached skill level 1 in Short Blades
  2472 | D:2      | Reached ** piety under Trog
  2477 | D:2      | Slain by a gnoll

Illustrated notes

Levels and vault maps discovered:
D:1:      arrival_zaba_pyramid, layout_basic, serial_shops, shop_fountains
D:2:      layout_loops_corners, chequers_ecumenical_altar_twisty

Skill      XL: |  1  2  3 |
---------------+----------+-----
Axes           | 3 |  3.1
Dodging        | 2 |  2.1
Short Blades   | 1 |  1.4
Fighting       | |  3.6
Armour         | |  1.8
Stealth        | |  0.2

Action                   || total
-------------------------++-------
Melee: Hand axe          ||    27
       Short sword       ||    92
       Punch             ||     1
       Touch             ||     7
  Use: Potion            ||     1
 Stab: Sleeping          ||     1
Armor: Animal skin       ||    33
Dodge: Dodged            ||    78

Table legend: (Time is in decaauts)
 A = Elapsed time spent in this place.
 B = Non-inter-level travel time spent in this place.
 C = Inter-level travel time spent in this place.
 D = Time resting spent in this place.
 E = Time spent auto-exploring this place.
 F = Levels seen in this place.
 G = Mean time per level.
                   A        B        C        D        E       F      G
               +--------+--------+--------+--------+--------+-----+--------+
         Total |   2487 |   2465 |     22 |    521 |   1563 |   2 | 1243.5 |
       Dungeon |   2487 |   2465 |     22 |    521 |   1563 |   2 | 1243.5 |
               +--------+--------+--------+--------+--------+-----+--------+

Top non-repeatable levels by time:
     D:1: 1426 daAuts
     D:2: 1061 daAuts
